 Dungeon Crawl Stone Soup version 0.25.1-2-g60ff931df9 (webtiles) character file.

Game seed: 8559343301965311314

4720 Impeuri the Jinx (level 10, 0/76 HPs)
             Began as a Vampire Enchanter on Aug 21, 2020.
             Was a Believer of Wu Jian.
             Slain by Urug
             ... wielding a +4 battleaxe of freezing
              (6 damage)
             ... on level 10 of the Dungeon.
             The game lasted 00:25:10 (8726 turns).

Impeuri the Jinx (Vampire Enchanter)                Turns: 8726, Time: 00:25:11

Health: 0/76       AC:  3    Str:  8    XL:     10   Next: 22%
Magic:  0/13       EV: 16    Int: 17    God:    Wu Jian [**....]
Gold:   568        SH:  0    Dex: 18    Spells: 1/13 levels left

rFire    . . .     SeeInvis +   o - +2 falchion (venom)
rCold    . . .     Gourm    .   (no shield)
rNeg     . . .     Faith    .   b - +0 robe
rPois    .         Spirit   +   (no helmet)
rElec    .         Reflect  .   (no cloak)
rCorr    .         Harm     .   f - +0 pair of gloves
MR       +....                  (no boots)
Stlth    ++++......             w - amulet "Zeal Pie" {Spirit Stlth+}
HPRegen  0.42/turn              r - ring of wizardry
MPRegen  0.13/turn              z - ring of wizardry

@: regenerating quickly
A: no food, fangs 3, see invisible, unbreathing
a: Exsanguinate, Wall Jump, Renounce Religion


You were on level 10 of the Dungeon.
You worshipped Wu Jian.
Wu Jian was pleased with you.
You were alive.

You visited 2 branches of the dungeon, and saw 11 of its levels.

You collected 568 gold pieces.

Inventory:

Hand Weapons
 d - a +0 dagger of electrocution
 h - a +2 short sword of protection
 o - a +2 falchion of venom (weapon)
Armour
 b - a +0 robe (worn)
 f - a +0 pair of gloves (worn)
Jewellery
 e - an uncursed ring of resist corrosion
 r - a ring of wizardry (left hand)
 w - the amulet "Zeal Pie" (around neck) {Spirit Stlth+}
   (You found it on level 5 of the Dungeon)

   [amulet of guardian spirit]

   It causes incoming damage to be split between your health and magic.
   It makes you more stealthy.
 z - a ring of wizardry (right hand)
Wands
 s - a wand of disintegration (8)
 A - a wand of paralysis (6)
 F - a wand of clouds (4)
Scrolls
 a - 10 scrolls of identify
 c - 7 scrolls of teleportation
 g - a scroll of immolation {unknown}
 j - 3 scrolls of remove curse {unknown}
 k - 2 scrolls of fog {unknown}
 l - a scroll of random uselessness {unknown}
 m - 2 scrolls of fear {unknown}
 n - 2 scrolls of enchant weapon {unknown}
 q - a scroll of magic mapping {unknown}
 x - a scroll of blinking {unknown}
 y - a scroll of noise {unknown}
 D - a scroll of enchant armour {unknown}
 E - a scroll of acquirement {unknown}
 H - a scroll of holy word {unknown}
Potions
 i - a potion of degeneration {unknown}
 p - a potion of might {unknown}
 t - a potion of stabbing {unknown}
 u - 2 potions of ambrosia
 v - 2 potions of heal wounds
 B - 2 potions of experience {unknown}
 C - a potion of curing
 G - a potion of haste
 I - 2 potions of flight {unknown}


   Skills:
 + Level 6.0 Fighting
 - Level 3.7(6.3) Short Blades
 * Level 7.2(7.5) Long Blades
 + Level 6.2 Dodging
 - Level 6.2 Stealth
 - Level 2.0 Spellcasting
 - Level 10.2 Hexes
 - Level 6.0 Ice Magic


You had one spell level left.
You knew the following spells:

 Your Spells              Type           Power        Failure   Level  Hunger
a - Corona                Hex            #####..      1%          1    N/A
b - Ensorcelled Hibernat  Hex/Ice        ####..       1%          2    N/A
c - Confusing Touch       Hex            #####...     1%          3    N/A
d - Tukima's Dance        Hex            #####...     1%          3    N/A
e - Dazzling Flash        Conj/Hex       ###...       1%          3    N/A

Your spell library contained the following spells:

 Spells                   Type           Power        Failure   Level  Hunger
 Magic Dart               Conj           #...         5%          1    N/A
 Fulminant Prism          Conj/Hex       ###.......   7%          4    N/A
 Searing Ray              Conj           #.....       8%          2    N/A
 Iskenderun's Mystic Bla  Conj/Tloc      #.......     41%         4    N/A

Dungeon Overview and Level Annotations

Branches:
Dungeon (10/15)            Temple (1/1) D:7            Lair (0/6) D:8
    Orc: D:9-12

Altars:
Ashenzari
Cheibriados
Fedhas
Gozag
Makhleb
Okawaru
Qazlal
Ru
Trog
Uskayaw
Wu Jian
Xom
Zin

Shops:
D:4 (   D:5 *

Annotations:
D:7 1 runed translucent door, Elkerch's ghost, novice CeAM
D:10 Urug


Innate Abilities, Weirdness & Mutations

You do not eat.
Your natural rate of healing is unusually fast.
You have razor-sharp teeth.
You have supernaturally acute eyesight. (SInv)
You can survive without breathing.


Message History

You kill the orc!
The Council accepts your kill.
Your Fighting skill increases to level 6!
The orc priest misses you.
You riposte.
You hit the orc priest but do no damage.
The orc priest is poisoned.
Urug hits you with a +4 battleaxe of freezing!!
Urug freezes you!
* * * LOW HITPOINT WARNING * * *
You see here a silver javelin.
Casting: Tukima's Dance (safe; 1% risk of failure)
Confirm with . or Enter, or press ? or * to list all spells.
The orc is dazzled.
The orc priest barely misses you.
A crimson imp comes into view.
The orc throws a boomerang.
The boomerang misses the orc priest.
The boomerang misses you.
The weapon returns to the orc!
Urug hits you with a +4 battleaxe of freezing!!
* * * LOW HITPOINT WARNING * * *
Urug freezes you.
You die...

.......... .# ...
#......##.# ...#
#.........## ...###
##[.......#
#....##.)......##
#...............#
###..o..##.....##
#....oo###.....#
###...@#####....#
#.#..().........##
..................##
................##.#####
.......................#
5.......................
........................
...............#....##..
..............##........


You could see Urug, an orc priest (very poisoned), a crimson imp (wandering) and
an orc (blind).

Vanquished Creatures
  A hippogriff (D:7)
  A wyvern (D:9)
  4 yaks (D:9)
  A hungry ghost (D:8)
  2 soldier ants (D:9)
  7 orc warriors
  A sky beast (D:10)
  2 black bears
  A hornet zombie (D:9)
  2 ogres (D:8)
  A crocodile (D:8)
  6 bullfrogs
  3 scorpions
  A howler monkey (D:5)
  2 crimson imps
  A centaur zombie (D:5)
  6 hounds
  A jelly (D:10)
  7 orc wizards
  2 centaur skeletons
  A gnoll shaman (D:5)
  3 orc priests
  6 worker ants
  Natasha (thrice) (D:2)
  5 iguanas
  A hound zombie (D:8)
  A hound skeleton (D:9)
  A howler monkey zombie (D:5)
  A worker ant zombie (D:5)
  10 gnolls
  11 adders
  A shadow imp (D:6)
  2 adder skeletons
  2 worms
  3 dart slugs
  3 leopard geckos
  59 orcs
  4 bats
  5 giant cockroaches
  6 hobgoblins
  11 jackals
  2 quokkas
  A ball python (D:3)
  3 frilled lizards
  A giant cockroach zombie (D:5)
  6 goblins
  A jackal zombie (D:9)
  5 kobolds
  10 rats
220 creatures vanquished.

Vanquished Creatures (collateral kills)
  2 ogres
  3 orcs
  A jackal (D:8)
6 creatures vanquished.

Vanquished Creatures (others)
  4 dancing weapons
  An orc warrior (D:8)
5 creatures vanquished.

Grand Total: 231 creatures vanquished

Notes
Turn   | Place    | Note
-------+----------+-------------------------------------------
     0 | D:1      | Impeuri the Vampire Enchanter began the quest for the Orb.
     0 | D:1      | Reached XP level 1. HP: 13/13 MP: 3/3
   204 | D:1      | Reached XP level 2. HP: 19/19 MP: 5/5
   573 | D:2      | Reached skill level 5 in Stealth
   626 | D:2      | Learned a level 2 spell: Ensorcelled Hibernation
   687 | D:2      | Reached skill level 5 in Hexes
   687 | D:2      | Reached XP level 3. HP: 24/24 MP: 6/6
   810 | D:2      | Noticed Natasha
   820 | D:2      | Killed Natasha
   820 | D:2      | Reached skill level 1 in Ice Magic
  1203 | D:2      | Noticed Natasha
  1216 | D:2      | Reached XP level 4. HP: 30/30 MP: 7/7
  1218 | D:2      | Killed Natasha
  1242 | D:2      | Noticed Natasha
  1262 | D:2      | Killed Natasha
  1405 | D:2      | Reached skill level 6 in Hexes
  1666 | D:2      | Reached XP level 5. HP: 35/35 MP: 8/8
  1981 | D:3      | Reached XP level 6. HP: 27/42 MP: 0/9
  1988 | D:3      | Reached skill level 1 in Fighting
  2400 | D:4      | Learned a level 3 spell: Confusing Touch
  2550 | D:4      | Reached XP level 7. HP: 27/48 MP: 10/10
  2630 | D:4      | Reached skill level 1 in Long Blades
  2635 | D:4      | Reached skill level 7 in Hexes
  3037 | D:4      | Found Lopnem's Weapon Boutique.
  3100 | D:5      | Entered Level 5 of the Dungeon
  3130 | D:5      | Found an opulent altar of Gozag.
  3134 | D:5      | Found Gozag's Platinum Reserve.
  3488 | D:5      | Learned a level 3 spell: Tukima's Dance
  3759 | D:5      | Got a translucent golden amulet
  3761 | D:5      | Identified the amulet "Zeal Pie" {Spirit Stlth+} (You found
                  | it on level 5 of the Dungeon)
  4145 | D:6      | Reached XP level 8. HP: 42/57 MP: 5/11
  4873 | D:7      | Noticed a hippogriff
  4899 | D:7      | Killed a hippogriff
  4899 | D:7      | Reached skill level 8 in Hexes
  5120 | D:7      | Reached skill level 5 in Dodging
  5290 | D:7      | Found a runed translucent door.
  5290 | D:7      | Found a shimmering altar of Xom.
  5290 | D:7      | Noticed Elkerch's ghost (novice CeAM)
  5293 | D:7      | Noticed a +1 long sword of chaos
  5298 | D:7      | Found a staircase to the Ecumenical Temple.
  5313 | Temple   | Entered the Ecumenical Temple
  5326 | Temple   | Became a worshipper of the Wu Jian Council
  5657 | D:8      | Reached skill level 5 in Ice Magic
  5673 | D:8      | Reached skill level 9 in Hexes
  5819 | D:8      | Reached XP level 9. HP: 54/65 MP: 10/12
  5829 | D:8      | Found a staircase to the Lair.
  5915 | D:8      | Reached * piety under Wu Jian
  5939 | D:8      | Learned a level 3 spell: Dazzling Flash
  6894 | D:8      | Reached skill level 5 in Long Blades
  6894 | D:8      | Reached skill level 10 in Hexes
  6983 | D:8      | Reached skill level 5 in Fighting
  7188 | D:8      | Reached ** piety under Wu Jian
  7376 | D:9      | Found a burning altar of Makhleb.
  7739 | D:9      | Reached XP level 10. HP: 21/75 MP: 2/13
  8513 | D:10     | Entered Level 10 of the Dungeon
  8708 | D:10     | Noticed Urug
  8726 | D:10     | Slain by Urug

Illustrated notes

Levels and vault maps discovered:
D:1:      dpeg_arrival_prison, layout_rooms, minmay_pentomino_u2
D:2:      minmay_skewed_foursquare, layout_loops_corners, first_ration,
          uniq_natasha
D:3:      layout_rooms
D:4:      layout_rooms, serial_shops, shop
D:5:      layout_cave_pools, grunt_decor_cap, nicolae_gozag_zags_fifth_avenue
D:6:      layout_gridville
D:7:      layout_cave_pools, minmay_temple_entry_sparse_star, ebering_ghost_xom,
          grunt_decor_arrowhead
D:8:      layout_basic, dpeg_oklobed_lair, special_room [special_room_orc]
D:9:      layout_loops_cross, kennysheep_mini_moat, hangedman_pestilent_swarm
D:10:     layout_cave_pools, uniq_urug
Temple:   compressed_dpeg_triangle_lava_temple

Skill      XL: |  1  2  3  4  5  6  7  8  9 10 |
---------------+-------------------------------+-----
Stealth        | 5 6 |  6.2
Short Blades   | 2 3 |  3.7
Hexes          | 5 6 7 9 10 | 10.2
Ice Magic      | 1 2 3 5 6 |  6.0
Fighting       | 1 2 4 5 6 |  6.0
Dodging        | 3 4 5 6 |  6.2
Long Blades    | 2 4 6 7 |  7.2
Spellcasting   | |  2.0

Action                   |  1- 3 |  4- 6 |  7- 9 | 10-12 || total
-------------------------+-------+-------+-------+-------++-------
Melee: Dagger            |    82 |   145 |       |       ||   227
       Bite              |    10 |    17 |    64 |    15 ||   106
       Short sword       |    30 |       |       |       ||    30
       Falchion          |       |    28 |   439 |    83 ||   550
 Cast: Ensorcelled Hiber |       |    12 |     8 |       ||    20
       Tukima's Dance    |       |       |     9 |     1 ||    10
       Confusing Touch   |       |       |     3 |       ||     3
       Dazzling Flash    |       |       |     3 |     1 ||     4
       Corona            |       |       |     1 |       ||     1
Invok: Lunge             |       |       |    14 |     4 ||    18
       Whirlwind         |       |       |     4 |    20 ||    24
Evoke: Wand              |       |       |     6 |       ||     6
  Use: Potion            |     1 |     3 |     4 |       ||     8
       Scroll            |       |       |     4 |       ||     4
 Stab: Sleeping          |     9 |    14 |    21 |     4 ||    48
       Distracted        |       |       |     1 |       ||     1
       Confused          |       |       |     3 |       ||     3
       Invisible         |       |       |     4 |       ||     4
       Paralysed         |       |       |     4 |       ||     4
Armor: Robe              |    27 |    26 |    63 |     7 ||   123
       Skin              |       |    12 |       |       ||    12
Dodge: Dodged            |    65 |    99 |   319 |    55 ||   538
       Rpst.: Falchion   |       |     9 |   115 |    11 ||   135
